 Dungeon Crawl Stone Soup version 0.21-a0-509-gecc5317 (webtiles) character file.

506 BingusPrime the Insei (level 7, 0/44 HPs)
             Began as an Octopode Transmuter on Nov 30, 2017.
             Was a Follower of Dithmenos.
             Slain by an ogre
             ... wielding a +0 giant club
              (8 damage)
             ... on level 3 of the Dungeon.
             The game lasted 00:20:35 (5787 turns).

BingusPrime the Insei (Octopode Transmuter)         Turns: 5787, Time: 00:20:36

Health: 0/44       AC:  2    Str:  9    XL:     7   Next: 18%
Magic:  6/10       EV: 20    Int: 15    God:    Dithmenos [*.....]
Gold:   168        SH:  0    Dex: 20    Spells: 6/10 levels left

rFire    . . .     SeeInvis .     - Unarmed
rCold    . . .     Gourm    .   (shield currently unavailable)
rNeg     + . .     Faith    .   (helmet currently unavailable)
rPois    x         Spirit   .   (no amulet)
rElec    .         Reflect  .   e - ring of fire
rCorr    .         Harm     .   h - ring of positive energy
MR       .....                  k - ring of ice
Stlth    +++.......             (no ring)
HPRegen  0.14/turn              (no ring)
MPRegen  0.12/turn              (no ring)
                                (no ring)
                                (no ring)

@: spider-form (expiring), very slightly contaminated, wreathed by umbra
A: tiny, almost no armour, stealthy swim, (amphibious), 8 rings, (constrict 8)
a: End Transformation, Renounce Religion


You were on level 3 of the Dungeon.
You worshipped Dithmenos.
Dithmenos was aware of your devotion.
You were hungry.
You were a venomous arachnid creature.
You visited 1 branch of the dungeon, and saw 4 of its levels.

You collected 168 gold pieces.

Inventory:

Hand Weapons
 d - a cursed -1 short sword (melded)
 l - the +4 spear of Eternal Vigilance {pierce, rElec rC++}
   (You found it on level 4 of the Dungeon)

   It inflicts extra damage upon your enemies.
   It greatly protects you from cold.
   It insulates you from electricity.
Missiles
 a - 61 arrows
 i - 3 throwing nets (quivered)
Jewellery
 e - a ring of fire (left front leg)
 h - a ring of positive energy (right front leg)
 k - a ring of ice (on tentacle)
Wands
 f - a wand of iceblast (10)
Scrolls
 g - 5 scrolls of identify
 o - a scroll of fog
Potions
 p - a potion of curing {unknown}
Books
 b - a book of Changes

   Spells                             Type                      Level
   a - Beastly Appendage              Transmutation                1
   b - Sticks to Snakes               Transmutation                2
   c - Spider Form                    Transmutation/Poison         3
   d - Ice Form                       Ice/Transmutation            4
   e - Blade Hands                    Transmutation                5
 n - a book of Minor Magic

   Spells                             Type                      Level
   a - Magic Dart                     Conjuration                  1
   b - Blink                          Translocation                2
   c - Call Imp                       Summoning                    2
   d - Slow                           Hexes                        2
   e - Conjure Flame                  Conjuration/Fire             3
   f - Mephitic Cloud                 Conjuration/Poison/Air       3
Comestibles
 c - a bread ration
 j - 2 fruits
 m - a meat ration


   Skills:
 + Level 1.9 Fighting
 + Level 1.1 Short Blades
 - Level 2.0 Dodging
 + Level 3.0 Stealth
 * Level 6.6 Unarmed Combat
 - Level 2.0 Spellcasting
 - Level 2.0 Transmutations
 + Level 3.0 Poison Magic


You had 6 spell levels left.
You knew the following spells:

 Your Spells              Type           Power        Failure   Level  Hunger
a - Beastly Appendage     Tmut           #.....       24%         1    #......
b - Spider Form           Tmut/Pois      #.........   45%         3    ###....


Dungeon Overview and Level Annotations

Branches:
Dungeon (4/15)
 Temple: D:4-7

Altars:
Ashenzari
Cheibriados
Dithmenos
Elyvilon
Ru
Sif Muna
Trog
Uskayaw
Yredelemnul


Innate Abilities, Weirdness & Mutations

You cannot wear most types of armour.
You are very stealthy in the water. (Stealth+)
((You are amphibious.))
You can wear up to eight rings at the same time.
((You can use your tentacles to constrict eight enemies at once.))
((Your skin changes colour to match your surroundings (Stealth+).))
((Your rubbery body absorbs attacks. (AC +1, EV +1)))


Message History

There is a stone staircase leading down here.
The ogre hits you with a giant club!!
Casting: Spider Form
Confirm with . or Enter, or press ? or * to list all spells.
You miscast Spider Form.
You are very lightly contaminated with residual magic.
You smell something strange.
You are feeling hungry.
Casting: Spider Form
Confirm with . or Enter, or press ? or * to list all spells.
You turn into a venomous arachnid creature.
Your cursed -1 short sword melds into your body.
The ogre completely misses you.
You bite the ogre!
The ogre is poisoned.
The ogre is moderately wounded.
The ogre hits you with a giant club!!
* * * LOW HITPOINT WARNING * * *
Your transformation is almost over.
The ogre hits you with a giant club!
You die...

# #.#####().))(.#...## #
#.##.).(.>###)##.## ## #
#.##.##..## #.##.# #. #
#.##.##..# #.##.# #.
#######.......)####.##(## #.
.....#####.##.....).#...## #.
####.# #.#########)....## #. ##
#.# #.....####.......## ##.
.###.#####......s..........####..
.................O.........'.....
.....####......###.).......####..
.....# #..#.### #........## ##.
.########..### #.#.....## ## ##
#.......######.......# #
#.###..........###'#.### # #.#
#.#.######.###.#...# # #.#
#.#.######.#.....#.# #


You could see an ogre.

Vanquished Creatures
  2 scorpions
  A howler monkey (D:4)
  An orc priest (D:3)
  Crazy Yiuf (D:3)
  An iguana (D:4)
  Ijyb (D:3)
  Robin (D:3)
  7 gnolls (D:3)
  7 adders
  A shadow imp (D:4)
  An ooze (D:1)
  3 worms
  2 dart slugs
  4 leopard geckos
  4 orcs
  6 giant cockroaches
  10 goblins (D:3)
  8 hobgoblins
  5 jackals (D:4)
  5 quokkas
  A ball python (D:2)
  10 bats
  7 frilled lizards
  A jackal skeleton (D:4)
  11 kobolds
  7 rats
108 creatures vanquished.

Notes
Turn   | Place    | Note
-------+----------+-------------------------------------------
     0 | D:1      | BingusPrime the Octopode Transmuter began the quest for the Orb.
     0 | D:1      | Reached XP level 1. HP: 13/13 MP: 3/3
   469 | D:1      | Reached XP level 2. HP: 13/18 MP: 3/5
  1205 | D:2      | Reached skill level 4 in Unarmed Combat
  1220 | D:2      | Reached XP level 3. HP: 12/23 MP: 4/6
  1247 | D:1      | HP: 1/23 [poisoned by an adder]
  1544 | D:2      | Learned a level 3 spell: Spider Form
  1843 | D:2      | HP: 1/23 [leopard gecko (2)]
  2176 | D:2      | Found a white marble altar of Elyvilon.
  2188 | D:2      | Reached XP level 4. HP: 26/28 MP: 4/7
  2360 | D:2      | Found a deep blue altar of Sif Muna.
  2460 | D:2      | Reached skill level 1 in Stealth
  2627 | D:3      | Reached skill level 5 in Unarmed Combat
  2627 | D:3      | Reached XP level 5. HP: 32/33 MP: 5/8
  2670 | D:3      | Noticed Robin
  2696 | D:4      | Reached skill level 1 in Poison Magic
  2864 | D:3      | Killed Robin
  3060 | D:3      | Reached XP level 6. HP: 22/38 MP: 4/9
  3305 | D:3      | Reached skill level 6 in Unarmed Combat
  3571 | D:3      | Found a sacrificial altar of Ru.
  3572 | D:3      | Found a basalt altar of Yredelemnul.
  3572 | D:3      | Found a hide-covered altar of Uskayaw.
  3576 | D:3      | Found a shadowy altar of Dithmenos.
  3576 | D:3      | Found a snail-covered altar of Cheibriados.
  3576 | D:3      | Found a shattered altar of Ashenzari.
  3577 | D:3      | Found a bloodstained altar of Trog.
  3582 | D:3      | Became a worshipper of Dithmenos the Shadowed
  3839 | D:3      | Noticed Ijyb
  3996 | D:3      | Killed Ijyb
  4341 | D:3      | Found a faded altar of an unknown god.
  4818 | D:3      | Found a runed door.
  4823 | D:3      | Noticed Crazy Yiuf
  4829 | D:3      | Killed Crazy Yiuf
  5197 | D:4      | Got a smoking spear
  5249 | D:4      | Reached XP level 7. HP: 34/44 MP: 6/10
  5294 | D:4      | Identified the +4 spear of Eternal Vigilance {pierce, rElec rC++} (You found it on level 4 of the Dungeon)
  5507 | D:4      | Reached * piety under Dithmenos
  5507 | D:4      | Reached skill level 1 in Short Blades
  5787 | D:3      | Slain by an ogre

Vault maps used:
D:1:      dpeg_arrival_circle_labyrinth_a
D:2:      lemuel_blue_sif_altar, elyvilon_altar_5
D:3:      grunt_temple_overflow_open, chequers_ecumenical_altar_lobes,
          kennysheep_generic_room_8, uniq_ijyb, uniq_robin,
          uniq_crazy_yiuf_cottage
D:4:      minmay_temple_entry_fiery

Skill      XL: |  1  2  3  4  5  6  7 |
---------------+----------------------+-----
Unarmed Combat | 4 5 6 |  6.6
Stealth        | 1 2 3 |  3.0
Poison Magic   | 1 2 3 |  3.0
Short Blades   | 1 |  1.1
Fighting       | |  1.9
Dodging        | |  2.0
Spellcasting   | |  2.0
Transmutations | |  2.0

Action                   |  1- 3 |  4- 6 |  7- 9 || total
-------------------------+-------+-------+-------++-------
Melee: Unarmed           |    79 |   121 |    28 ||   228
       Constrict         |    16 |     7 |     1 ||    24
       Kick              |     6 |     2 |     1 ||     9
       Tentacles         |     4 |     3 |     1 ||     8
       Punch             |     1 |       |       ||     1
       Short sword       |    14 |    22 |     6 ||    42
 Cast: Beastly Appendage |    11 |     1 |     1 ||    13
       Spider Form       |     8 |    32 |     5 ||    45
  Use: Scroll            |     2 |     2 |     5 ||     9
       Potion            |     1 |       |       ||     1
 Stab: Sleeping          |     1 |     8 |     4 ||    13
  Eat: Chunk             |     5 |     8 |     2 ||    15
       Meat ration       |       |     1 |       ||     1
       Royal jelly       |       |     1 |       ||     1
       Fruit             |       |     1 |       ||     1
Armor: Skin              |    15 |     6 |     1 ||    22
Dodge: Dodged            |   119 |   110 |    21 ||   250

Table legend:
 A = Spawn XP
 B = Non-spawn XP
 C = Spawn XP percentage of total XP
 D = Spawn monster count
 E = Non-spawn monster count
 F = Spawn count percentage of total count
 G = Total turns spent on level
                    A         B        C        D         E        F      G
               +---------+---------+-------+---------+---------+-------+---------
         Total |       0 |     724 |   0.0 |       0 |     108 |   0.0 |  5787
               +---------+---------+-------+---------+---------+-------+---------
           D:1 |       0 |      27 |   0.0 |       0 |      15 |   0.0 |  1507
           D:2 |       0 |      72 |   0.0 |       0 |      29 |   0.0 |  1079
           D:3 |       0 |     393 |   0.0 |       0 |      46 |   0.0 |  2382
           D:4 |       0 |     232 |   0.0 |       0 |      18 |   0.0 |   819
               +---------+---------+-------+---------+---------+-------+---------
